 Dungeon Crawl Stone Soup version 0.30-a0-141-g30f27751c5 (webtiles) character file.

Game seed: 12101642058505463127

356 Belterius the Trooper (level 6, -1/56 HPs)
             Began as a Minotaur Fighter on Sept 25, 2022.
             Slain by Dowan
             ... wielding a +0 dagger
              (4 damage)
             ... on level 4 of the Dungeon.
             The game lasted 00:03:54 (2873 turns).

Belterius the Trooper (Minotaur Fighter)            Turns: 2873, Time: 00:03:57

Health: -1/56      AC:  7    Str: 22    XL:     6   Next: 36%
Magic:  5/5        EV:  9    Int:  5    God:
Gold:   158        SH:  5    Dex: 10    Spells: 5/5 levels left

rFire   . . .      SeeInvis .    r - +4 hand axe
rCold   . . .      Faith    .    c - +0 buckler
rNeg    . . .      Spirit   .    b - +0 scale mail
rPois   .          Reflect  .    (helmet restricted)
rElec   .          Harm     .    (no cloak)
rCorr   .          Rampage  .    (no gloves)
Will    .....                    (no boots)
Stlth   ..........               (no amulet)
HPRegen 0.18/turn                (no ring)
MPRegen 0.09/turn                (no ring)

@: mighty
A: horns 2, retaliatory headbutt
a: no special abilities


You were on level 4 of the Dungeon.
You visited 1 branch of the dungeon, and saw 4 of its levels.

You collected 158 gold pieces.

Inventory:

Hand Weapons
 a - a +0 war axe
 r - a +4 hand axe (weapon)
Missiles
 s - a boomerang (quivered)
Armour
 b - a +0 scale mail (worn)
 c - a +0 buckler (worn)
Jewellery
 j - a ring of protection from cold
 k - a ring of poison resistance
Wands
 n - a wand of flame (13)
Scrolls
 e - 4 scrolls of identify {unknown}
 f - 2 scrolls of immolation {unknown}
 l - a scroll of butterflies {unknown}
 m - 2 scrolls of vulnerability {unknown}
 t - a scroll of poison {unknown}
Potions
 g - 2 potions of heal wounds {unknown}
 h - a potion of flight {unknown}
 i - a potion of magic {unknown}
 o - 2 potions of curing {unknown}
 p - 2 potions of brilliance {unknown}
 q - 2 potions of haste {unknown}


   Skills:
 + Level 5.3 Fighting
 + Level 4.6 Axes
 + Level 5.3 Armour
 + Level 5.2 Shields


You had 5 spell levels left.
You didn't know any spells.
Your spell library contained the following spells:

 Spells                   Type           Power      Damage    Failure   Level
 Apportation              Tloc           0%         N/A       86%         1
 Foxfire                  Conj/Fire      0%         2x1d4     86%         1
 Necrotise                Necr           0%         1d4       86%         1
 Summon Small Mammal      Summ           0%         N/A       86%         1
 Inner Flame              Hex/Fire       0%         N/A       99%         3
 Kindle Blastsparks       Fire/Tloc/Air  0%         2d10      99%         3
 Flame Wave               Conj/Fire      0%         2d4       100%        4
 Freezing Cloud           Conj/Ice/Air   0%         6-21      100%        5
 Conjure Ball Lightning   Conj/Air       0%         3x3d6     100%        6
 Simulacrum               Ice/Necr       0%         N/A       100%        6
 Discord                  Hex            0%         N/A       100%        8
 Disjunction              Tloc           0%         N/A       100%        8
 Polar Vortex             Ice            0%         N/A       100%        9


Dungeon Overview and Level Annotations

Branches:
Dungeon (4/15)
 Temple: D:4-7

Altars:
Yredelemnul

Shops:
D:3 !

Annotations:
D:4 1 runed translucent door, Dowan


Innate Abilities, Weirdness & Mutations

You have a pair of horns on your head.
You reflexively headbutt those who attack you in melee.


Message History

The shard of ice hits you!!
There are monsters nearby!
Unknown command.
You are too injured to fight recklessly!
There are monsters nearby!
Unknown command.
You are too injured to fight recklessly!
There are monsters nearby!
Unknown command.
You are too injured to fight recklessly!
There are monsters nearby!
Unknown command.
You are too injured to fight recklessly!
There are monsters nearby!
Unknown command.
You closely miss Dowan. Your headbutt misses Dowan.
Dowan is heavily wounded.
Dowan gestures wildly while chanting.
Dowan blinks!
You slash the human zombie! Your headbutt misses the human zombie.
The human zombie is heavily damaged.
The human zombie hits you but does no damage.
You slash the human zombie! You headbutt the human zombie!
You destroy the human zombie!
Dowan hits you with a +0 dagger. Dowan hits you but does no damage.
Things that are here:
a +0 short sword; a +0 ring mail You miss Dowan.
Your headbutt misses Dowan.
Dowan is heavily wounded.
Dowan hits you with a +0 dagger.
* * * LOW HITPOINT WARNING * * *
Dowan mumbles some strange words.
Dowan blinks!
You miss Dowan. Your headbutt misses Dowan.
Dowan is heavily wounded.
Dowan points at you and mumbles some strange words.
The shard of ice hits you!
* * * LOW HITPOINT WARNING * * *
Dowan hits you with a +0 dagger.
You die...

#.....##.#
#...<.##.#
#......8##
#.......#
#.....?#####
#..###.#.$.#
##..#p+.#._.#
....###)#...#
.......@#####
.......e.#
.#......8#
#.##....# ...
....## ..
###.## #. ..


You could see Dowan (fast) and a neutral human (wandering).

Vanquished Creatures
  Duvessa (D:4)
  A scorpion (D:2)
  A human zombie (D:4)
  An iguana (D:4)
  Robin (D:2)
  2 adders (D:2)
  2 worms (D:2)
  3 dart slugs
  5 orcs (D:3)
  8 ball pythons
  9 endoplasms
  2 giant cockroaches
  7 hobgoblins
  7 jackals (D:1)
  5 kobolds
  4 quokkas
  4 bats
  4 frilled lizards
  16 goblins
  A kobold zombie (D:4)
  5 rats
89 creatures vanquished.

Notes
Turn   | Place    | Note
-------+----------+-------------------------------------------
     0 | D:1      | Belterius the Minotaur Fighter began the quest for the Orb.
     0 | D:1      | Reached XP level 1. HP: 19/19 MP: 0/0
   113 | D:1      | Reached XP level 2. HP: 24/27 MP: 1/1
   875 | D:1      | Reached XP level 3. HP: 33/33 MP: 2/2
  1005 | D:2      | Noticed a scorpion
  1267 | D:2      | Found a faded altar of an unknown god.
  1307 | D:2      | Reached XP level 4. HP: 37/41 MP: 3/3
  1401 | D:2      | Killed a scorpion
  1459 | D:2      | Noticed Robin
  1460 | D:2      | Reached XP level 5. HP: 47/47 MP: 4/4
  1474 | D:2      | Killed Robin
  2534 | D:3      | Found Ulyvvas's Distillery.
  2838 | D:4      | Found a runed translucent door.
  2838 | D:4      | Noticed a human
  2848 | D:4      | Found a basalt altar of Yredelemnul.
  2848 | D:4      | Noticed Dowan
  2849 | D:4      | Noticed Duvessa
  2855 | D:4      | Reached skill level 5 in Fighting
  2855 | D:4      | Reached skill level 5 in Armour
  2864 | D:4      | Killed Duvessa
  2865 | D:4      | Reached skill level 5 in Shields
  2865 | D:4      | Reached XP level 6. HP: 49/56 MP: 5/5
  2873 | D:4      | Slain by Dowan

Illustrated notes

Levels and vault maps discovered:
D:1:      dpeg_arrival_shrine, layout_basic, corner_web_ring,
          chequers_serial_rivers_micro_d
D:2:      layout_basic, basic_ecumenical_altar, uniq_robin
D:3:      minmay_bubble_buster, layout_loops_cross, serial_shops, shop
D:4:      layout_rooms, mainiacjoe_overflow_boulevard,
          mainiacjoe_overflow_surrounded_room, dk_yredelemnul_ordeal,
          uniq_grinder, uniq_crazy_yiuf_cottage, uniq_duvessa

Skill      XL: |  1  2  3  4  5 |
---------------+----------------+-----
Fighting       | 4 5 |  5.3
Armour         | 4 5 |  5.3
Shields        | 4 5 |  5.2
Axes           | 3 4 |  4.6

Action                   |  1- 3 |  4- 6 || total
-------------------------+-------+-------++-------
Melee: War axe           |    87 |    62 ||   149
       Headbutt          |     9 |    16 ||    25
       Hand axe          |       |    49 ||    49
  Use: Potion            |       |     1 ||     1
Armor: Scale mail        |    33 |    47 ||    80
Dodge: Dodged            |    44 |    52 ||    96
Block: Buckler           |    19 |    21 ||    40

Table legend: (Time is in decaauts)
 A = Elapsed time spent in this place.
 B = Non-inter-level travel time spent in this place.
 C = Inter-level travel time spent in this place.
 D = Time resting spent in this place.
 E = Time spent auto-exploring this place.
 F = Levels seen in this place.
 G = Mean time per level.
                   A        B        C        D        E       F      G
               +--------+--------+--------+--------+--------+-----+--------+
         Total |   2935 |   2719 |    216 |     59 |   2192 |   4 |  733.8 |
       Dungeon |   2935 |   2719 |    216 |     59 |   2192 |   4 |  733.8 |
               +--------+--------+--------+--------+--------+-----+--------+

Top non-repeatable levels by time:
     D:2: 1124 daAuts
     D:1: 1054 daAuts
     D:3: 710 daAuts
     D:4: 46 daAuts
